[Event "ICC Open 2015"]
[Site "Internet Chess Club"]
[Date "2015.05.30"]
[Round "10"]
[White "Svinotigr"]
[Black "grancaruso"]
[Result "0-1"]
[ICCResult "White forfeits on time"]
[WhiteElo "1695"]
[BlackElo "1826"]
[Opening "Réti opening"]
[ECO "A05"]
[NIC "QP.11"]
[Time "16:02:18"]
[TimeControl "180+0"]

1. Nf3 Nf6 2. d3 d5 3. Nbd2 Bg4 4. e4 Bxf3 5. Qxf3 c6 6. g3 e6 7. Bg2 Be7 8.
O-O Nbd7 9. Re1 O-O 10. e5 Ne8 11. h4 f6 12. exf6 Rxf6 13. Qe2 Nc7 14. d4
Bd6 15. Nf1 Qf8 16. Nh2 Re8 17. Bg5 Rf7 18. h5 e5 19. dxe5 Nxe5 20. Qf1 h6
21. Bf4 Rxf4 22. gxf4 Qxf4 23. f3 Rf8 24. Qe2 Nc4 25. Nf1 Bc5+ 26. Kh1 Qh4+
27. Nh2 Bd6 28. Bf1 Rxf3 29. Qg2 Rf2 30. Qxf2 Qxf2 31. Re2 Qf4 32. b3 Ne3
33. Bh3 Nb5 34. Rg1 Nd4 35. Rd2 Nf3 36. Nxf3 Qxf3+ 37. Bg2 Qxh5+ 38. Bh3
Qxh3+ {White forfeits on time} 0-1

[Event "ICC Open 2015"]
[Site "Internet Chess Club"]
[Date "2015.05.30"]
[Round "10"]
[White "kayak"]
[Black "TudoracheM"]
[Result "0-1"]
[ICCResult "White forfeits on time"]
[WhiteElo "1586"]
[BlackElo "1792"]
[Opening "Trompowsky attack (Ruth, Opocenský opening)"]
[ECO "A45"]
[NIC "QP.07"]
[Time "16:01:47"]
[TimeControl "180+0"]

1. d4 Nf6 2. Bg5 g6 3. e3 h6 4. Bh4 Bg7 5. Bd3 O-O 6. c3 d6 7. Qc2 Nc6 8.
Nd2 Nd7 9. Ngf3 f5 10. O-O Qe8 11. Rfe1 e5 12. dxe5 dxe5 13. e4 f4 14. Rad1
g5 15. Bxg5 hxg5 16. Nxg5 Qg6 17. Qb3+ Kh8 18. Ne6 Rg8 19. Nxg7 Rxg7 20. g3
Nc5 21. Qc2 Nxd3 22. Qxd3 Bg4 23. Nf3 Rd8 24. Qe2 Rgd7 25. Rxd7 Rxd7 26. Rd1
Rf7 27. Qd3 fxg3 28. fxg3 Rxf3 29. Qd5 Re3 30. b4 Bxd1 31. Qxd1 Qxe4 32. Qf1
Rf3 33. Qd1 Qe3+ 34. Kh1 Qf2 35. Qc1 Qf1+ 36. Qxf1 Rxf1+ 37. Kg2 Ra1 38. Kh3
Rxa2 39. Kg4 Rxh2 40. Kg5 Rc2 41. g4 Rxc3 42. Kf5 Rc4 43. g5 Rxb4 44. g6 Kg8
45. Kf6 Rg4 46. Ke6 Rxg6+ 47. Kd7 Rg7+ {White forfeits on time} 0-1

[Event "ICC Open 2015"]
[Site "Internet Chess Club"]
[Date "2015.05.30"]
[Round "10"]
[White "PITCHUS"]
[Black "catman"]
[Result "0-1"]
[ICCResult "White forfeits on time"]
[WhiteElo "1827"]
[BlackElo "1700"]
[Opening "Réti opening"]
[ECO "A05"]
[NIC "QP.11"]
[Time "16:01:54"]
[TimeControl "180+0"]

1. Nf3 Nf6 2. g3 Nc6 3. Bg2 e5 4. O-O d5 5. c4 d4 6. d3 Be7 7. Qa4 O-O 8. b4
Bg4 9. b5 Bxf3 10. Bxf3 Nb4 11. Bxb7 Rb8 12. Bg2 Nd7 13. Ba3 Nb6 14. Qb3 a5
15. bxa6 Nxa6 16. Bxe7 Qxe7 17. Qa3 Nb4 18. Nd2 Nd7 19. Rab1 Rfe8 20. Rb3 c5
21. Qb2 f5 22. Rb1 Rbd8 23. a3 Na6 24. Rb7 Kh8 25. Bc6 Nab8 26. Ba4 e4 27.
dxe4 fxe4 28. Qb5 e3 29. fxe3 Qxe3+ 30. Kh1 Qxd2 31. Qb2 Qe3 32. Bxd7 Nxd7
33. Qb5 Qe4+ 34. Kg1 Qe3+ 35. Kh1 Qe6 36. Rf1 Qxe2 37. Rf7 Qe4+ 38. Kg1 Qe1+
39. Kg2 Qe2+ {White forfeits on time} 0-1

[Event "ICC Open 2015"]
[Site "Internet Chess Club"]
[Date "2015.05.30"]
[Round "10"]
[White "maly"]
[Black "BehindBluEyes"]
[Result "0-1"]
[ICCResult "White forfeits on time"]
[WhiteElo "2525"]
[BlackElo "2310"]
[Opening "Queen's gambit declined"]
[ECO "D30"]
[NIC "QO.17"]
[Time "16:01:25"]
[TimeControl "180+0"]

1. d4 e6 2. c4 d5 3. Nf3 Nf6 4. g3 c5 5. cxd5 exd5 6. Bg2 Nc6 7. O-O Be6 8.
Be3 c4 9. b3 cxb3 10. Qxb3 Rb8 11. Nc3 Be7 12. Bf4 Bd6 13. Bxd6 Qxd6 14. Nb5
Qe7 15. Ne5 O-O 16. e3 Rfc8 17. Rfc1 Na5 18. Qa4 b6 19. Bf1 Ne4 20. Qa3 Qf6
21. Qb2 a6 22. Nc7 h5 23. Bxa6 Rd8 24. Nxe6 fxe6 25. Rc7 Rf8 26. f4 h4 27.
Qg2 hxg3 28. hxg3 b5 29. Nd7 Qe7 30. Rac1 Qa3 31. Nxb8 Qxe3+ 32. Kh2 Rf6 33.
Rxg7+ Kxg7 34. Rc7+ Kg8 35. Rc8+ Kf7 36. Rc7+ Ke8 37. Rc8+ Ke7 38. Rc7+ Kf8
39. Rc8+ Kg7 40. Rc7+ Rf7 41. Rxf7+ Kxf7 42. Nd7 Nc4 43. Ne5+ Nxe5 44. fxe5
Ke7 45. Qh3 Qxd4 46. Qg2 Kd8 47. Qf3 Kc7 48. g4 Qd2+ 49. Kh3 Qh6+ 50. Kg2
Qd2+ 51. Kg1 Kb6 52. Qf2+ Qd4 53. Qxd4+ Kxa6 54. Qxe4 dxe4 55. g5 b4
{White forfeits on time}
0-1

[Event "ICC Open 2015"]
[Site "Internet Chess Club"]
[Date "2015.05.30"]
[Round "10"]
[White "Adonis"]
[Black "Sebs"]
[Result "0-1"]
[ICCResult "White resigns"]
[WhiteElo "2642"]
[BlackElo "2970"]
[Opening "QGD Slav: Dutch variation"]
[ECO "D18"]
[NIC "SL.05"]
[Time "16:02:03"]
[TimeControl "180+0"]

1. d4 d5 2. c4 c6 3. Nf3 Nf6 4. Nc3 dxc4 5. a4 Bf5 6. e3 e6 7. Bxc4 Bb4 8.
O-O Nbd7 9. Qe2 O-O 10. e4 Bg6 11. Bd3 Qe7 12. Bf4 Bh5 13. h3 Bxf3 14. Qxf3
e5 15. Be3 Rad8 16. Bc2 exd4 17. Bxd4 Ne5 18. Bxe5 Qxe5 19. Rad1 a5 20. Rxd8
Rxd8 21. Rd1 Rxd1+ 22. Nxd1 g6 23. g3 h5 24. h4 Bc5 25. Kg2 Kg7 26. Qc3 Bd4
27. Qb3 Nxe4 28. Qxb7 Bxf2 29. Bxe4 Qxg3+ 30. Kf1 Qg1+ 31. Ke2 Qe1+ 32. Kf3
Bxh4 33. Qd7 Qf1+ 34. Ke3 Bg5+ 35. Kd4 Qxd1+ 36. Bd3 Qxa4+ 37. Bc4 Qd1+ 38.
Bd3 Bf6+ 39. Kc4 Bxb2 40. Qxc6 Qc1+ 41. Kd5 Qxc6+ 42. Kxc6 h4 {White
resigns} 0-1

[Event "ICC Open 2015"]
[Site "Internet Chess Club"]
[Date "2015.05.30"]
[Round "10"]
[White "chessrex"]
[Black "TapculescuM"]
[Result "0-1"]
[ICCResult "White checkmated"]
[WhiteElo "2068"]
[BlackElo "1886"]
[Opening "Paleface attack"]
[ECO "A45"]
[NIC "QP.07"]
[Time "16:01:37"]
[TimeControl "180+0"]

1. d4 Nf6 2. f3 g6 3. e4 d6 4. Be3 Bg7 5. Qd2 h5 6. Nc3 Nbd7 7. d5 a6 8. a4
c5 9. dxc6 bxc6 10. Nge2 Qa5 11. Nf4 Rb8 12. Nd3 Ne5 13. Nxe5 Qxe5 14. Bd4
Qa5 15. Ra3 Be6 16. Nd1 Qxd2+ 17. Kxd2 Nxe4+ 18. fxe4 Bxd4 19. c3 Bc5 20. b4
Ba7 21. Bxa6 c5 22. b5 c4 23. a5 Bc5 24. Ra2 f5 25. b6 fxe4 26. Bb5+ Bd7 27.
Bxc4 e6 28. Ne3 d5 29. Be2 Bxe3+ 30. Kxe3 Ke7 31. Kd4 Kd6 32. Rf1 e5+ 33.
Ke3 Kc5 34. Rf7 Rhd8 35. Rf6 d4+ 36. Kxe4 dxc3 37. a6 Bf5+ 38. Kf3 c2 39.
Ra1 Rxb6 40. Rxb6 Kxb6 41. a7 Ra8 42. Ke3 Rxa7 43. Rc1 Rd7 44. h3 h4 45. Bf3
Kc5 46. Be4 Bxe4 47. Kxe4 Rd2 48. Ke3 Rxg2 49. Kd3 e4+ 50. Ke3 Kc4 51. Kxe4
Kc3 52. Kf3 Rh2 53. Ke3 Rxh3+ 54. Ke2 Rh2+ 55. Ke3 Kb2 56. Rg1 c1=Q+ 57.
Rxc1 Kxc1 58. Kf3 Ra2 59. Kg4 Ra4+ 60. Kh3 Kd2 61. Kg2 Ke3 62. Kh3 Rf4 63.
Kh2 Kf3 64. Kg1 Rg4+ 65. Kf1 Rg2 66. Ke1 h3 67. Kd1 h2 68. Kc1 h1=Q#
{White checkmated}
0-1

[Event "ICC Open 2015"]
[Site "Internet Chess Club"]
[Date "2015.05.30"]
[Round "10"]
[White "Ernani"]
[Black "Radja"]
[Result "1-0"]
[ICCResult "Black forfeits on time"]
[WhiteElo "2658"]
[BlackElo "2401"]
[Opening "English: symmetrical variation"]
[ECO "A37"]
[NIC "EO.28"]
[Time "16:01:49"]
[TimeControl "180+0"]

1. Nf3 c5 2. c4 Nc6 3. g3 g6 4. Bg2 Bg7 5. Nc3 Nd4 6. O-O Nxf3+ 7. Bxf3 d6
8. e3 Nh6 9. d4 O-O 10. dxc5 dxc5 11. e4 Be6 12. Nd5 f6 13. Be3 Rc8 14. Qa4
Bxd5 15. exd5 a6 16. Bxh6 Bxh6 17. Rfe1 Rc7 18. Re6 f5 19. Rae1 Bg7 20. Qb3
Rd7 21. R1e2 Rf6 22. Qe3 Rf7 23. Qxc5 Rc7 24. Qb4 Bf8 25. b3 f4 26. g4 Rf6
27. Qb6 Rd7 28. Qd4 Rd6 29. Rxf6 Rxf6 30. Qe4 b6 31. g5 Rf5 32. h4 h5 33.
Bg2 Rf7 34. Bh3 f3 35. Re3 Kg7 36. Rxf3 Rxf3 37. Qxf3 Qe8 38. Be6 b5 39. c5
Kh7 40. c6 Bg7 41. c7 {Black forfeits on time} 1-0

[Event "ICC Open 2015"]
[Site "Internet Chess Club"]
[Date "2015.05.30"]
[Round "10"]
[White "Pantani"]
[Black "RLH2"]
[Result "0-1"]
[ICCResult "White resigns"]
[WhiteElo "2957"]
[BlackElo "2818"]
[Opening "Bogo-Indian defense, Nimzovich variation"]
[ECO "E11"]
[NIC "QI.01"]
[Time "16:02:10"]
[TimeControl "180+0"]

1. d4 Nf6 2. c4 e6 3. Nf3 Bb4+ 4. Bd2 Qe7 5. g3 Nc6 6. Nc3 O-O 7. Bg2 Bxc3
8. Bxc3 Ne4 9. Rc1 Nb4 10. Qb3 a5 11. O-O d6 12. a3 Nxc3 13. Rxc3 Na6 14.
Re3 c6 15. Nd2 Qc7 16. Rc1 Bd7 17. c5 d5 18. Qc2 b6 19. cxb6 Qxb6 20. Rd3
Rfb8 21. b3 Nc7 22. a4 Na6 23. Qb2 Nb4 24. Re3 Rc8 25. Nf3 Rc7 26. Rec3 Rac8
27. Rc5 Na6 28. R5c3 c5 29. Qd2 cxd4 30. Rxc7 Rxc7 31. Rxc7 Nxc7 32. Nxd4 e5
33. Nf3 f6 34. Qc3 Ne6 35. e3 Qc5 36. Qd2 Bc6 37. Ne1 d4 38. Nd3 Qb6 39. e4
Qxb3 40. Bh3 Bxe4 41. Bxe6+ Qxe6 42. Nc5 Qd5 43. Nxe4 Qxe4 44. Qxa5 Kf7 45.
Qc7+ Kg6 46. a5 d3 47. Qc3 Qe2 48. a6 d2 49. Qc2+ e4 {White resigns} 0-1

[Event "ICC Open 2015"]
[Site "Internet Chess Club"]
[Date "2015.05.30"]
[Round "10"]
[White "nadalthegreat"]
[Black "ChessNakas"]
[Result "1-0"]
[ICCResult "Black forfeits on time"]
[WhiteElo "1809"]
[BlackElo "2105"]
[Opening "French: Tarrasch, Guimard main line"]
[ECO "C04"]
[NIC "FR.15"]
[Time "16:01:36"]
[TimeControl "180+0"]

1. e4 e6 2. d4 d5 3. Nd2 Nc6 4. Ngf3 Nf6 5. e5 Nd7 6. Bb5 a6 7. Bxc6 bxc6 8.
O-O c5 9. c3 cxd4 10. cxd4 c5 11. Nb3 a5 12. Be3 Ba6 13. Re1 c4 14. Nbd2 Bb4
15. a3 Be7 16. Rc1 O-O 17. Nf1 Rb8 18. Qc2 Qb6 19. Rb1 h6 20. Ng3 Qc6 21.
Qd2 Rfc8 22. Nh5 Bf8 23. Qxa5 Rb3 24. Qd2 Rcb8 25. Qc2 Bb5 26. Nd2 Rd3 27.
Nf4 Ba4 28. Qc1 Rdb3 29. Nxb3 Bxb3 30. Qd2 Kh7 31. Ne2 g6 32. Nc3 Bg7 33.
Qe2 g5 34. Qh5 Bc2 35. Rbc1 Bg6 36. Qe2 Qb7 37. Qd2 Qxb2 38. Qxb2 Rxb2 39.
a4 Bf8 40. Re2 Rb3 41. Ra2 Bb4 42. Nb5 Ba5 43. Re2 Bd3 44. Ra2 Nb6 45. Nd6
Kg7 46. Ne8+ Kf8 47. Nf6 c3 48. Raa1 c2 49. h4 Rb1 50. hxg5 Bc3 51. Ra2
Rxc1+ 52. Bxc1 Nc4 53. gxh6 Bd2 54. Ra1 Bxc1 55. Rxc1 Nb6 56. h7 Kg7 57. a5
Kh8 58. axb6 {Black forfeits on time} 1-0

[Event "ICC Open 2015"]
[Site "Internet Chess Club"]
[Date "2015.05.30"]
[Round "10"]
[White "Mastercito"]
[Black "chessdjw"]
[Result "1-0"]
[ICCResult "Black forfeits on time"]
[WhiteElo "2014"]
[BlackElo "2324"]
[Opening "Queen's bishop game"]
[ECO "D02"]
[NIC "QP.06"]
[Time "16:01:23"]
[TimeControl "180+0"]

1. d4 Nf6 2. Nf3 d5 3. Bf4 c5 4. e3 Nc6 5. c3 Qb6 6. Qb3 c4 7. Qxb6 axb6 8.
a3 b5 9. Nbd2 b4 10. cxb4 Nxb4 11. Rc1 Nc6 12. h3 e6 13. g4 h6 14. Bg2 b5
15. O-O b4 16. axb4 Nxb4 17. Ne5 Ra2 18. Ndxc4 dxc4 19. Nxc4 Ba6 20. Nd6+
Bxd6 21. Bxd6 Rxb2 22. Rfe1 Kd7 23. Bxb4 Rxb4 24. Bc6+ Ke7 25. Ra1 Rb6 26.
Bf3 Nd5 27. Bxd5 exd5 28. Ra5 Kd6 29. Rc1 Rc8 30. Rcc5 Bb7 31. Kg2 Ke6 32.
Rcb5 Rxb5 33. Rxb5 Bc6 34. Rb6 Kd6 35. f4 Ra8 36. Kf3 Ra2 37. h4 g6 38. Rb8
Ba4 39. g5 h5 40. Rb6+ Ke7 41. Rb7+ Ke6 42. Rb6+ Kd7 43. Rb7+ Kd6 44. Rb6+
Kc7 45. Rf6 Be8 46. f5 Rc2 47. fxg6 fxg6 48. e4 dxe4+ 49. Kxe4 Rc6 50. Rf8
Re6+ 51. Kd5 Re7 52. Rf6 Kd7 53. Kc5 Bf7 54. d5 Be6 55. dxe6+ Rxe6 56. Rf7+
Re7 57. Rf6 Re6 58. Rf7+ Ke8 59. Rg7 Re5+ 60. Kd6 Re4 61. Rh7 Rxh4 62. Ke6
Kf8 63. Kf6 Rf4+ 64. Kxg6 h4 65. Rh8+ Ke7 66. Rh7+ Ke6 67. Ra7 Ke5 68. Ra6
Rf3 69. Ra5+ Kf4 70. Ra4+ Kg3 71. Ra2 h3 72. Ra1 h2 73. Rh1 Kg2 74. Ra1 h1=Q
75. Ra2+ Kg3 76. Ra5 {Black forfeits on time} 1-0

[Event "ICC Open 2015"]
[Site "Internet Chess Club"]
[Date "2015.05.30"]
[Round "10"]
[White "paraguayo"]
[Black "MassCarnage"]
[Result "0-1"]
[ICCResult "White resigns"]
[WhiteElo "1710"]
[BlackElo "2004"]
[Opening "St. George (Baker) defense"]
[ECO "B00"]
[NIC "VO.17"]
[Time "16:03:11"]
[TimeControl "180+0"]

1. e4 a6 2. Nf3 b5 3. d4 Bb7 4. Bd3 Nf6 5. Qe2 e6 6. O-O d6 7. Bg5 h6 8. Bh4
g5 9. Bg3 Nbd7 10. Nc3 Rg8 11. Rac1 h5 12. h3 g4 13. Nh4 gxh3 14. gxh3 Bh6
15. d5 Bg5 16. Nf3 h4 17. Nxg5 Rxg5 18. Qe3 Nh5 19. dxe6 fxe6 20. Kh2 hxg3+
21. fxg3 Ne5 22. Qf2 Qe7 23. g4 Rxg4 24. hxg4 Nxg4+ 25. Kg1 Nxf2 26. Kxf2
O-O-O {White resigns} 0-1

[Event "ICC Open 2015"]
[Site "Internet Chess Club"]
[Date "2015.05.30"]
[Round "10"]
[White "EREBUNI"]
[Black "Lightlike"]
[Result "1-0"]
[ICCResult "Black resigns"]
[WhiteElo "3038"]
[BlackElo "2652"]
[Opening "French: MacCutcheon variation"]
[ECO "C12"]
[NIC "FR.05"]
[Time "16:02:12"]
[TimeControl "180+0"]

1. e4 e6 2. d4 d5 3. Nc3 Nf6 4. Bg5 Bb4 5. exd5 Qxd5 6. Bxf6 Bxc3+ 7. bxc3
gxf6 8. Qg4 Qa5 9. Ne2 Nd7 10. g3 Qd5 11. f3 b6 12. Bg2 Bb7 13. O-O O-O-O
14. Qe4 Qa5 15. Qd3 h5 16. h4 Rhg8 17. Kh2 Ne5 18. Qe3 Nc4 19. Qf4 f5 20.
Rfb1 Kb8 21. Rb4 Qd5 22. a4 Rg4 23. Qh6 Rdg8 24. Nf4 Rxf4 25. Qxf4 Nd6 26.
a5 f6 27. axb6 axb6 28. Qe3 e5 29. dxe5 fxe5 30. Rbb1 f4 31. gxf4 Nf5 32.
Qf2 Nxh4 33. Rd1 Qc6 34. Bh1 Ng6 35. Rg1 Qxc3 36. f5 Ne7 37. f6 Rxg1 38.
Rxg1 Nc6 39. f7 Qb4 40. Rg8+ Ka7 41. f8=Q {Black resigns} 1-0

[Event "ICC Open 2015"]
[Site "Internet Chess Club"]
[Date "2015.05.30"]
[Round "10"]
[White "Kastor"]
[Black "Kempka"]
[Result "1-0"]
[ICCResult "Black forfeits on time"]
[WhiteElo "2920"]
[BlackElo "2746"]
[Opening "Sicilian: Canal-Sokolsky (Nimzovich-Rossolimo, Moscow) attack"]
[ECO "B51"]
[NIC "SI.01"]
[Time "16:01:44"]
[TimeControl "180+0"]

1. e4 c5 2. Nf3 d6 3. Bb5+ Nd7 4. c3 a6 5. Ba4 Nf6 6. Qe2 g6 7. O-O b5 8.
Bc2 Bb7 9. d4 Bg7 10. Rd1 Qc7 11. Bd3 O-O 12. Nbd2 cxd4 13. cxd4 e5 14. dxe5
dxe5 15. Nb3 Nh5 16. g3 f5 17. exf5 e4 18. Bxe4 Rae8 19. Ng5 Bxe4 20. Nxe4
gxf5 21. Qxh5 Rxe4 22. Bf4 Qb7 23. Na5 Qa7 24. Rab1 Ne5 25. Bxe5 Bxe5 26.
Nc6 Qg7 27. Nxe5 Rxe5 28. Qf3 f4 29. Qc3 fxg3 30. hxg3 Re2 31. Qxg7+ Kxg7
32. Rd7+ Kg6 33. Rd6+ Kg7 34. Rf1 a5 35. Rd5 Rxb2 36. a4 bxa4 37. Rxa5 Ra2
38. f4 Re8 39. Rf2 Re1+ 40. Kg2 Rea1 41. Rxa2 Rxa2+ 42. Kf3 a3 43. Kg4 Ra1
44. Kf5 a2 45. Ra7+ Kg8 46. Kf6 h5 47. Kg6 Kf8 48. f5 Rg1 49. Ra8+ Ke7 50.
f6+ Ke6 51. Ra6+ Ke5 52. Rxa2 Rxg3+ 53. Kf7 h4 54. Ra5+ Kf4 55. Ra4+ Kg5 56.
Kg7 Rf3 57. f7 h3 58. Ra5+ Kg4 59. Ra4+ Kg5 60. Ra6 {Black forfeits on time}
1-0

[Event "ICC Open 2015"]
[Site "Internet Chess Club"]
[Date "2015.05.30"]
[Round "10"]
[White "ShcherbinMatvei"]
[Black "Sibelephant"]
[Result "0-1"]
[ICCResult "White forfeits on time"]
[WhiteElo "2818"]
[BlackElo "3189"]
[Opening "Sicilian: Alapin's variation (2.c3)"]
[ECO "B22"]
[NIC "SI.46"]
[Time "16:01:58"]
[TimeControl "180+0"]

1. e4 c5 2. c3 d6 3. d4 Nf6 4. Bd3 Nc6 5. Nf3 Bg4 6. Be3 e6 7. Nbd2 Be7 8.
O-O O-O 9. Rc1 Rc8 10. h3 Bh5 11. Qa4 a6 12. Rfd1 Qc7 13. a3 Rfd8 14. Qc2 b5
15. dxc5 dxc5 16. a4 c4 17. Be2 Bg6 18. axb5 axb5 19. b3 Na5 20. bxc4 bxc4
21. Rb1 Rb8 22. Bd4 Nb3 23. Be5 Bd6 24. Bxf6 gxf6 25. Nxc4 Nc5 26. Nxd6 Rxb1
27. Qxb1 Rxd6 28. Nd4 Nxe4 29. Nb5 Rxd1+ 30. Qxd1 Qf4 31. Bf3 Nd2 32. Bc6
Nc4 33. Qd4 Qc1+ 34. Kh2 Ne5 35. Ba8 Kg7 36. f4 Nd3 37. f5 Bxf5 38. Nd6 Ne5
39. c4 Bg6 40. c5 Qc2 41. Be4 Bxe4 42. Qxe4 Qxc5 43. Nb7 Qc7 44. Kh1 Ng6 45.
Qf3 Qc1+ 46. Kh2 Qc7+ 47. Kh1 f5 48. Qb3 Qc1+ 49. Kh2 Nf4 50. Qg3+ Ng6 51.
Nd6 f4 52. Qf3 Qe3 {White forfeits on time} 0-1

[Event "ICC Open 2015"]
[Site "Internet Chess Club"]
[Date "2015.05.30"]
[Round "10"]
[White "RaptureMan"]
[Black "nihil95"]
[Result "1-0"]
[ICCResult "Black checkmated"]
[WhiteElo "2251"]
[BlackElo "1825"]
[Opening "King's pawn opening"]
[ECO "B07"]
[NIC "VO.17"]
[Time "16:02:20"]
[TimeControl "180+0"]

1. e4 d6 2. d4 c6 3. Nc3 g6 4. Be3 Bg7 5. Qd2 Nf6 6. Bh6 O-O 7. f3 Qc7 8.
Bd3 e5 9. Bxg7 Kxg7 10. Nge2 a6 11. O-O h6 12. a4 Nbd7 13. Bc4 Nb6 14. Bb3
c5 15. dxe5 dxe5 16. Nd5 Nfxd5 17. Bxd5 Nxd5 18. exd5 Qd6 19. c4 f5 20. f4
e4 21. Qe3 Bd7 22. Rfc1 b6 23. b3 Kh7 24. Qc3 Rg8 25. Qe5 Qf8 26. a5 b5 27.
Qc7 Qe7 28. d6 Qg7 29. Qxc5 Rac8 30. Qe5 bxc4 31. bxc4 Qf7 32. c5 Rge8 33.
Qd4 Bb5 34. Nc3 e3 35. Re1 Bd7 36. Rxe3 Rxe3 37. Qxe3 Re8 38. Qd4 Qb3 39.
Rc1 Qb2 40. Rd1 Ba4 41. Qd2 Qb3 42. Re1 Rxe1+ 43. Qxe1 Qc4 44. Qe3 Bb5 45.
h3 Qf1+ 46. Kh2 Qc4 47. Nxb5 axb5 48. d7 Qd5 49. Qe7+ Kh8 50. d8=Q+ Qxd8 51.
Qxd8+ Kg7 52. Qe7+ Kg8 53. c6 Kh8 54. c7 g5 55. c8=Q# {Black checkmated} 1-0

[Event "ICC Open 2015"]
[Site "Internet Chess Club"]
[Date "2015.05.30"]
[Round "10"]
[White "eliseo"]
[Black "WhitsellF"]
[Result "1-0"]
[ICCResult "Black forfeits on time"]
[WhiteElo "2271"]
[BlackElo "1547"]
[Opening "Sicilian defense"]
[ECO "B20"]
[NIC "SI.48"]
[Time "16:02:09"]
[TimeControl "180+0"]

1. e4 c5 2. Qh5 d6 3. Bc4 e6 4. Nf3 Nf6 5. Qh4 Nc6 6. d3 a6 7. a4 Be7 8. Bg5
O-O 9. Nc3 Nd4 10. O-O-O Rb8 11. e5 dxe5 12. Nxe5 Qd6 13. f4 h6 14. Bxh6 Nf5
15. Qh3 Nxh6 16. g4 Nhxg4 17. Rhg1 Nxe5 18. fxe5 Qxe5 19. Rxg7+ Kxg7 20.
Rg1+ Ng4 21. Rxg4+ Bg5+ 22. Kb1 Rh8 23. Qg2 f6 24. h4 Kf7 25. hxg5 f5 26.
g6+ Kg7 27. Rg3 b5 28. Bb3 Bb7 29. Qf2 Rh1+ 30. Ka2 c4 31. dxc4 bxc4 32.
Bxc4 f4 33. Rg1 Rxg1 34. Qxg1 f3 35. Bd3 Qf4 36. Qc5 Rc8 37. Qe7+ Kh6 38.
Qh7+ Kg5 39. g7 f2 40. g8=Q+ Rxg8 41. Qxg8+ Kh4 42. Qh7+ Kg3 43. Qxb7 f1=Q
44. Bxf1 Qxf1 45. Qg7+ {Black forfeits on time} 1-0

[Event "ICC Open 2015"]
[Site "Internet Chess Club"]
[Date "2015.05.30"]
[Round "10"]
[White "leandro-fire"]
[Black "Willy809"]
[Result "0-1"]
[ICCResult "White forfeits on time"]
[WhiteElo "1451"]
[BlackElo "1708"]
[Opening "Queen's pawn game"]
[ECO "D02"]
[NIC "QP.08"]
[Time "16:01:50"]
[TimeControl "180+0"]

1. d4 d5 2. Nf3 c6 3. e3 e6 4. Bd3 Nf6 5. b3 Nbd7 6. Bb2 Bd6 7. O-O O-O 8.
Nbd2 h6 9. e4 dxe4 10. Nxe4 Nxe4 11. Bxe4 Nf6 12. Bd3 b6 13. Ne5 Bb7 14. Qe2
Qc7 15. c4 Rad8 16. Rad1 c5 17. dxc5 Bxc5 18. Qc2 Ba8 19. a3 a5 20. Kh1 Qb7
21. f3 Qc7 22. Ng4 Nxg4 23. fxg4 Qc6 24. Rd2 Rd7 25. Re2 Rd6 26. Be4 Qd7 27.
Bxa8 Rxa8 28. Qe4 Rd8 29. g5 hxg5 30. Qg4 Rd2 31. Qxg5 Rxb2 32. Rxb2 Bxa3
33. Rbf2 Bc5 34. Rxf7 Qxf7 35. Qxd8+ Bf8 36. Rxf7 Kxf7 37. Qd7+ Be7 38. Qc6
Bc5 39. Qb7+ Kf6 40. Qf3+ Ke7 41. g4 g5 42. Kg2 Bd6 43. h3 Bf4 44. Qe4 Kf6
{White forfeits on time}
0-1

[Event "ICC Open 2015"]
[Site "Internet Chess Club"]
[Date "2015.05.30"]
[Round "10"]
[White "playwaycool"]
[Black "muhit"]
[Result "1-0"]
[ICCResult "Black forfeits on time"]
[WhiteElo "2351"]
[BlackElo "2021"]
[Opening "Trompowsky attack (Ruth, Opocenský opening)"]
[ECO "A45"]
[NIC "QP.07"]
[Time "16:03:02"]
[TimeControl "180+0"]

1. d4 Nf6 2. Bg5 Ne4 3. Bf4 d5 4. f3 Nf6 5. e4 e6 6. Nc3 c6 7. e5 Nfd7 8.
Be3 c5 9. Nce2 Nc6 10. c3 Qb6 11. Qd2 cxd4 12. cxd4 Bb4 13. Nc3 O-O 14. a3
Bxc3 15. bxc3 f6 16. f4 fxe5 17. fxe5 Na5 18. Rd1 Qc7 19. Nf3 Nb6 20. Bd3
Nbc4 21. Qc2 Nxe3 22. Bxh7+ Kh8 23. Qg6 Qf7 24. Qg3 Qf4 25. Qh3 Nxg2+ 26.
Qxg2 Kxh7 27. O-O Qe3+ 28. Kh1 Bd7 29. Qg3 Rf5 30. h4 Kg8 31. Rf2 Raf8 32.
Rg1 Qh6 33. Rfg2 R8f7 34. Ng5 Re7 35. Nh3 Nc4 36. Kh2 Ne3 37. Re2 Nc4 38.
Ng5 Be8 39. Reg2 Bh5 40. Nh3 Ne3 41. Qg5 Qxg5 42. Rxg5 {Black forfeits on
time} 1-0

[Event "ICC Open 2015"]
[Site "Internet Chess Club"]
[Date "2015.05.30"]
[Round "10"]
[White "motipen"]
[Black "ShadowLike"]
[Result "0-1"]
[ICCResult "White forfeits on time"]
[WhiteElo "1918"]
[BlackElo "2214"]
[Opening "Budapest: Fajarowicz variation"]
[ECO "A51"]
[NIC "QG.01"]
[Time "16:02:36"]
[TimeControl "180+0"]

1. d4 Nf6 2. c4 e5 3. dxe5 Ne4 4. Nf3 Nc6 5. a3 d6 6. exd6 Bxd6 7. g3 Nxf2
8. Qd5 Nxh1 9. Ng5 Qf6 10. Qxh1 Bf5 11. Nc3 O-O-O 12. Nd5 Qg6 13. Bg2 h6 14.
Nf3 Rhe8 15. Nh4 Qe6 16. Be3 Bc2 17. Kd2 Bb3 18. Rc1 Na5 19. Qf1 c6 20. Bh3
Nxc4+ 21. Rxc4 Bxc4 22. Bxe6+ fxe6 23. Bxa7 Bxd5 24. Bb6 Rd7 25. e3 Be5 26.
Qh3 Bxb2 27. Ng6 Bg2+ 28. Kc2 Bxh3 29. Kxb2 Rd2+ {White forfeits on time}
0-1

[Event "ICC Open 2015"]
[Site "Internet Chess Club"]
[Date "2015.05.30"]
[Round "10"]
[White "Chiraakk"]
[Black "suilven"]
[Result "1-0"]
[ICCResult "Black checkmated"]
[WhiteElo "1667"]
[BlackElo "1805"]
[Opening "Scotch gambit: Dubois-Réti defense"]
[ECO "C55"]
[NIC "KP.02"]
[Time "16:01:58"]
[TimeControl "180+0"]

1. e4 e5 2. Nf3 Nc6 3. Bc4 Nf6 4. d4 exd4 5. c3 d3 6. Bxd3 d6 7. O-O Be7 8.
Qc2 O-O 9. Nbd2 Bg4 10. h3 Bh5 11. g4 Bg6 12. Re1 Nd7 13. Nc4 Nc5 14. Be3
Nxd3 15. Qxd3 Re8 16. Nd4 d5 17. Nxc6 bxc6 18. Nd2 Bd6 19. Qf1 dxe4 20. Rad1
Qe7 21. Qg2 a5 22. Nb3 a4 23. Nd4 c5 24. Ne2 Rab8 25. Rd2 Qe6 26. Ng3 Qxa2
27. h4 h6 28. h5 Bh7 29. b4 Qe6 30. bxc5 Bxg3 31. Qxg3 Rbd8 32. g5 Rxd2 33.
Bxd2 hxg5 34. Bxg5 c6 35. Be3 a3 36. Bd4 a2 37. Qxg7# {Black checkmated} 1-0

[Event "ICC Open 2015"]
[Site "Internet Chess Club"]
[Date "2015.05.30"]
[Round "10"]
[White "JW"]
[Black "Danya"]
[Result "0-1"]
[ICCResult "White checkmated"]
[WhiteElo "2646"]
[BlackElo "3077"]
[Opening "Nimzovich-Larsen attack"]
[ECO "A01"]
[NIC "VO.08"]
[Time "16:02:00"]
[TimeControl "180+0"]

1. b3 a5 2. Bb2 a4 3. e4 e6 4. Nf3 d5 5. e5 a3 6. Bc1 Bd7 7. c3 g5 8. h3 h6
9. b4 Ne7 10. Nxa3 Ng6 11. d4 f6 12. Bd3 f5 13. Nc2 Bg7 14. g4 O-O 15. h4
gxh4 16. g5 h5 17. Nxh4 Nxh4 18. Rxh4 Be8 19. Rxh5 Bxh5 20. Qxh5 Re8 21. g6
Kf8 22. Qh7 Nc6 23. Bh6 Qd7 24. Qh8+ Ke7 25. Qxg7+ Kd8 26. Bg5+ Kc8 27.
Qxd7+ Kxd7 28. Bf6 Ne7 29. g7 Ng6 30. Kd2 Rg8 31. a4 Nf4 32. a5 Nh5 33. Rg1
Ke8 34. Na3 Nxf6 35. exf6 Kf7 36. Nb5 Rac8 37. Na7 Rcd8 38. Nb5 c6 39. Na3
Kxf6 40. Nc2 Rd7 41. Rh1 Rdxg7 42. a6 bxa6 43. Bxa6 Rg2 44. Ke2 Rg1 45. Rh6+
Ke7 46. Rh7+ R8g7 47. Rh8 Rg8 48. Rh3 R1g4 49. Ne3 R4g6 50. Bb7 Kd6 51. Ba6
Kc7 52. Bd3 Kb6 53. Rh7 R6g7 54. Rh6 Re7 55. Rf6 Kc7 56. Kf3 Rgg7 57. Ng2
Ref7 58. Rh6 Re7 59. Nf4 Kd7 60. Ke3 Rgf7 61. Kf3 e5 62. dxe5 Rxe5 63. Ng6
Re6 64. Kf4 Rff6 65. Bxf5 Kc7 66. Kg5 Rd6 67. Rh7+ Kb6 68. Ne5 Kb5 69. Rb7+
Ka4 70. f4 Rf8 71. Nd7 Rg8+ 72. Kh4 Kb3 73. Bg4 Rh6+ 74. Kg3 Kxc3 75. Ne5 d4
76. Rd7 Rf6 77. Nxc6 Rxc6 78. f5 Rf6 79. Kf4 d3 80. Ke5 Rff8 81. Bf3 d2 82.
Rc7+ Kd3 83. Rd7+ Ke3 84. Be4 Re8+ 85. Kf6 Rxe4 86. Kf7 Rd4 87. Re7+ Re4 88.
Rxe4+ Kxe4 89. Kxg8 d1=Q 90. f6 Qh5 91. f7 Qg6+ 92. Kf8 Ke5 93. b5 Ke6 94.
Ke8 Qxf7+ 95. Kd8 Qd7# {White checkmated} 0-1